 Dungeon Crawl Stone Soup version 0.27.1-33-g824d729ab1 (webtiles) character file.

Game seed: 4252030902878998751

11816 croobank the Fighter (level 11, -5/92 HPs)
             Began as a Gnoll Wanderer on Nov 26, 2021.
             Was a Believer of Vehumet.
             Slain by a catoblepas (14 damage)
             ... while petrified by a catoblepas
             ... on level 2 of the Lair of Beasts.
             The game lasted 01:30:19 (9078 turns).

croobank the Fighter (Gnoll Wanderer)               Turns: 9078, Time: 01:30:19

Health: -5/92      AC: 14    Str: 21    XL:     11   Next: 83%
Magic:  3/21       EV:  2    Int: 11    God:    Vehumet [**....]
Gold:   1005       SH:  0    Dex: 10    Spells: 2/23 levels left

rFire    + + +     SeeInvis +   a - +3 Elemental Staff {rElec rF++ rC++ Will++ AC+5}
rCold    + + .     Faith    .   (no shield)
rNeg     + + +     Spirit   .   N - +1 leather armour of the Curious Thickets {+Inv rPois rF++ Dex-2 Stlth+}
rPois    ∞         Reflect  .   (no helmet)
rElec    +         Harm     .   (no cloak)
rCorr    .         Rampage  .   B - +0 pair of gloves
Will     ++...                  F - +2 pair of boots
Stlth    +++++.....             m - amulet of regeneration
HPRegen  1.25/turn              p - +6 ring of strength
MPRegen  0.17/turn              J - ring of see invisible

@: petrified, on berserk cooldown, slowed
A: fangs 1, strong nose, distributed training, talons 1
a: Renounce Religion, Evoke Invisibility


You were on level 2 of the Lair of Beasts.
You worshipped Vehumet.
Vehumet was pleased with you.
You visited 3 branches of the dungeon, and saw 12 of its levels.
You also visited: Sewer.

You collected 1215 gold pieces.
You spent 210 gold pieces at shops.

Inventory:

Hand Weapons
 a - the +3 Elemental Staff (weapon) {rElec rF++ rC++ Will++ AC+5}
   (You acquired it on level 6 of the Dungeon)

   If the wielder is skilled in Evocations, they can discharge powerful blasts
   of elemental energy when striking with it.
   It enhances your fire, ice, earth and air magic.
   AC:        It affects your AC (+5).
   rF:        It greatly protects you from fire.
   rC:        It greatly protects you from cold.
   rElec:     It insulates you from electricity.
   Will:      It greatly increases your willpower.
 b - a +1 shortbow of flaming
 d - a +3 halberd
 f - a +0 short sword
 l - a +2 falchion of protection
 n - the +3 hand axe "Jellyslayer" {freeze, Fly rF+}
   (You took it off an orc on level 7 of the Dungeon)

   It freezes those it strikes, dealing additional cold damage.
   It can also slow down cold-blooded creatures.
   rF:        It protects you from fire.
   Fly:       It grants you flight.
 r - a +2 quarterstaff of chaos
 s - a +1 vorpal scimitar
 w - a +0 trident
 D - a +1 flail of protection
 L - a +0 hunting sling
 O - a +4 war axe
 P - a +5 battleaxe
 Q - a +3 dagger of chaos
Missiles
 g - 125 stones
 j - 86 bolts
 k - 100 arrows
 q - 33 poisoned darts
 u - 7 boomerangs
 y - 2 datura-tipped darts
 C - 24 sling bullets
 I - 4 javelins (quivered)
Armour
 o - a +0 chain mail
 v - a +0 scale mail
 A - a +0 plate armour
 B - a +0 pair of gloves (worn)
 F - a +2 pair of boots (worn)
 N - the +1 leather armour of the Curious Thickets (worn) {+Inv rPois rF++ Dex-2 Stlth+}
   (You found it on level 9 of the Dungeon)

   Dex:       It affects your dexterity (-2).
   rF:        It greatly protects you from fire.
   rPois:     It protects you from poison.
   +Inv:      It lets you turn invisible.
   Stlth:     It makes you more stealthy.
Magical Staves
 e - a staff of death
Jewellery
 m - an amulet of regeneration (around neck)
 p - a +6 ring of strength (left hand)
 J - a ring of see invisible (right hand)
 T - an amulet of the acrobat
 V - a ring of ice
Wands
 R - a wand of acid (8)
 W - a wand of polymorph (6)
Scrolls
 t - 4 scrolls of noise
 z - a scroll of amnesia
 E - a scroll of magic mapping
 G - a scroll of acquirement
 X - a scroll of teleportation
 Y - a scroll of fog
Potions
 c - 2 potions of curing
 h - 6 potions of brilliance
 i - 2 potions of ambrosia
 x - a potion of lignification
 H - a potion of degeneration
 S - a potion of flight {unknown}
 U - a potion of attraction {unknown}


   Skills:
 + Level 10.7 Fighting
 + Level 6.6 Short Blades
 + Level 7.2 Long Blades
 + Level 6.6 Axes
 + Level 6.6 Maces & Flails
 + Level 6.6 Polearms
 + Level 6.6 Staves
 + Level 6.6 Slings
 + Level 6.6 Bows
 + Level 6.6 Crossbows
 + Level 6.6 Throwing
 + Level 6.6 Armour
 + Level 7.2 Dodging
 + Level 9.0 Stealth
 + Level 7.2 Shields
 + Level 6.6 Unarmed Combat
 + Level 6.6 Spellcasting
 + Level 5.5 Conjurations
 + Level 5.5 Hexes
 + Level 5.5 Summonings
 + Level 5.5 Necromancy
 + Level 5.5 Translocations
 + Level 5.5 Transmutations
 + Level 5.5 Fire Magic
 + Level 5.5 Ice Magic
 + Level 5.5 Air Magic
 + Level 5.5 Earth Magic
 + Level 5.5 Poison Magic
 + Level 7.3 Invocations
 + Level 6.6 Evocations


You had 2 spell levels left.
You knew the following spells:

 Your Spells              Type           Power      Damage    Failure   Level
a - Foxfire               Conj/Fire      92%        2x1d8     2%          1
b - Frozen Ramparts       Ice            46%        1d6       6%          3
c - Ice Form              Ice/Tmut       23%        N/A       22%         4
d - Summon Ice Beast      Ice/Summ       23%        N/A       22%         4
e - Blink                 Tloc           N/A        N/A       3%          2
f - Poisonous Vapours     Pois/Air       46%        N/A       3%          2
g - Manifold Assault      Tloc           15%        N/A       52%         5

Your spell library contained the following spells:

 Spells                   Type           Power      Damage    Failure   Level
 Storm Form               Tmut/Air       11%        N/A       100%        7


Dungeon Overview and Level Annotations

Branches:
Dungeon (9/15)             Temple (1/1) D:7            Lair (2/6) D:8
  Sewer (visited)
  Swamp: Lair:2-4    Shoals: Lair:2-4     Snake: Lair:2-4    Spider: Lair:2-4
    Orc: D:9-12

Altars:
Ashenzari
Cheibriados
Dithmenos
Elyvilon
Fedhas
Gozag
Kikubaaqudgha
Makhleb
Nemelex Xobeh
Qazlal
Ru
Trog
Uskayaw
Vehumet
Xom
Yredelemnul
Zin
The Shining One

Shops:
D:1 *   D:2 =


Innate Abilities, Weirdness & Mutations

You have very sharp teeth.
Your uncanny sense of smell can sniff out nearby items.
Your experience applies equally to all skills.
You have sharp toenails.


Message History

The catoblepas gores you!
You hit the catoblepas but do no damage.
The catoblepas is severely wounded.
The catoblepas gores you but does no damage.
You hit the catoblepas but do no damage.
You punch the catoblepas.
The catoblepas is severely wounded.
The catoblepas breathes a plume of calcifying dust at you.
The blast of calcifying dust hits you!
Unknown command.
Casting: Summon Ice Beast (dangerous; 22% risk of failure)
Confirm with . or Enter, or press ? or * to list all spells.
You feel a surge of power! A chill wind blows around you.
You are engulfed in calcifying dust.
You are slowing down.
The catoblepas breathes a plume of calcifying dust at you.
The blast of calcifying dust hits you. The catoblepas gores you.
You hit the catoblepas.
The catoblepas is severely wounded.
You are engulfed in calcifying dust.
The catoblepas closely misses you. The catoblepas gores you!
Your ice beast hits the catoblepas but does no damage.
You have turned to stone.
You are engulfed in calcifying dust.
The catoblepas breathes a plume of calcifying dust at you.
The blast of calcifying dust hits you but does no damage.
Your ice beast hits the catoblepas but does no damage.
You are engulfed in calcifying dust.
The catoblepas gores you!
* * * LOW HITPOINT WARNING * * *
Your ice beast hits the catoblepas but does no damage.
The catoblepas gores you!!
* * * LOW HITPOINT WARNING * * *
Your ice beast hits the catoblepas but does no damage.
The catoblepas gores you but does no damage.
Your ice beast hits the catoblepas but does no damage.
The catoblepas gores you!!
* * * LOW HITPOINT WARNING * * *
Your ice beast hits the catoblepas.
Your ice beast freezes the catoblepas!
The catoblepas gores you!!
You die...

# #............. #.÷..........
#######....#......
#.##.#.....#..... ###
##..........##..# ###..
##..........###.#### #....
#..≈≈≈≈≈≈≈.......#.####### #.#..
#..≈###P≈≈........##.##.P###....
##.≈# #≈≈≈....Y@.......†.....#..
#.≈####≈≈...#Y...##..P###P##...
##.≈≈≈≈≈≈≈.÷#...###...## #####÷.
#............#..##.#..####...P<.
#####.###...#...##..............
### ##..#...#...............
##.##P...#..............
#..###..#...............
##......................


You could see a catoblepas (ally target) and a friendly ice beast (summoned).

Vanquished Creatures
  Fannar (Lair:1)
  A boulder beetle (D:8)
  Sonja (Lair:1)
  Pikel (D:7)
  3 cane toads
  Joseph (D:7)
  Psyche (D:8)
  2 komodo dragons
  3 blink frogs (Lair:1)
  3 yaks (Lair:1)
  A shadow (D:9)
  A basilisk (Lair:2)
  6 wyverns
  Edmund (D:5)
  6 water moccasins
  4 orc warriors
  3 necrophages
  2 ice beasts (D:6)
  A sky beast (D:7)
  4 black bears
  4 ogres
  2 wolves
  A centaur (D:8)
  2 phantoms
  7 bullfrogs
  A kobold brigand (D:7)
  2 scorpions
  2 wyvern zombies
  A water moccasin skeleton (D:4)
  4 killer bees (D:7)
  4 howler monkeys (D:8)
  3 wights (D:9)
  2 bullfrog zombies
  2 gnoll shamans
  5 orc priests
  Crazy Yiuf (D:4)
  5 hounds
  6 iguanas
  5 orc wizards
  A killer bee zombie (D:6)
  A hound skeleton (D:4)
  9 gnolls
  14 adders
  A white imp (D:8)
  2 ufetubi
  A worm (D:2)
  3 dart slugs
  28 orcs
  6 bats
  7 endoplasms
  9 giant cockroaches
  4 goblins
  9 hobgoblins
  5 jackals
  12 kobolds
  9 quokkas
  8 ball pythons
  6 frilled lizards
240 creatures vanquished.

Vanquished Creatures (collateral kills)
  A blink frog (Lair:1)
  4 wolves
5 creatures vanquished.

Vanquished Creatures (others)
  2 foxfires (Lair:1)
  10 fungi
  22 plants
34 creatures vanquished.

Grand Total: 279 creatures vanquished

Notes
Turn   | Place    | Note
-------+----------+-------------------------------------------
     0 | D:1      | croobank the Gnoll Wanderer began the quest for the Orb.
     0 | D:1      | croobank set off with the following items: a +2 falchion, a
                  | potion of lignification, a potion of curing, a +0 robe, a
                  | +0 dagger
     0 | D:1      | Reached XP level 1. HP: 26/26 MP: 1/1
    44 | D:1      | Found Xydud's General Store.
   114 | D:1      | Reached XP level 2. HP: 33/33 MP: 2/2
   722 | D:2      | Reached XP level 3. HP: 37/38 MP: 3/3
   789 | D:2      | Found Ereomal's Jewellery Shoppe.
   855 | D:2      | Reached skill level 1 in Invocations
  1287 | D:2      | Reached skill level 1 in Short Blades
  1287 | D:2      | Reached skill level 1 in Axes
  1287 | D:2      | Reached skill level 1 in Maces & Flails
  1287 | D:2      | Reached skill level 1 in Polearms
  1287 | D:2      | Reached skill level 1 in Staves
  1287 | D:2      | Reached skill level 1 in Slings
  1287 | D:2      | Reached skill level 1 in Bows
  1287 | D:2      | Reached skill level 1 in Crossbows
  1287 | D:2      | Reached skill level 1 in Throwing
  1287 | D:2      | Reached skill level 1 in Armour
  1287 | D:2      | Reached skill level 1 in Unarmed Combat
  1287 | D:2      | Reached skill level 1 in Spellcasting
  1287 | D:2      | Reached skill level 1 in Evocations
  1327 | D:3      | Found a faded altar of an unknown god.
  1410 | D:3      | Reached XP level 4. HP: 45/45 MP: 5/5
  1553 | D:3      | Found a white marble altar of Elyvilon.
  1640 | D:3      | Noticed an ogre
  1661 | D:3      | Killed an ogre
  1662 | D:3      | Reached skill level 1 in Conjurations
  1662 | D:3      | Reached skill level 1 in Hexes
  1662 | D:3      | Reached skill level 1 in Summonings
  1662 | D:3      | Reached skill level 1 in Necromancy
  1662 | D:3      | Reached skill level 1 in Translocations
  1662 | D:3      | Reached skill level 1 in Transmutations
  1662 | D:3      | Reached skill level 1 in Fire Magic
  1662 | D:3      | Reached skill level 1 in Ice Magic
  1662 | D:3      | Reached skill level 1 in Air Magic
  1662 | D:3      | Reached skill level 1 in Earth Magic
  1662 | D:3      | Reached skill level 1 in Poison Magic
  1662 | D:3      | Reached XP level 5. HP: 5/51 MP: 5/7
  1743 | D:3      | Found a glowing drain.
  1775 | Sewer    | Entered a sewer
  2028 | Sewer    | Reached XP level 6. HP: 53/57 MP: 8/8
  2222 | D:3      | Found a hide-covered altar of Uskayaw.
  2222 | D:3      | Found a snail-covered altar of Cheibriados.
  2223 | D:3      | Found a sparkling altar of Nemelex Xobeh.
  2785 | D:4      | Found a runed translucent door.
  2786 | D:4      | Noticed Crazy Yiuf
  2790 | D:4      | Gained mutation: You have sharp toenails. [potion of
                  | mutation]
  2801 | D:4      | Killed Crazy Yiuf
  2905 | D:4      | Noticed a necrophage
  2936 | D:4      | Reached XP level 7. HP: 63/63 MP: 10/10
  2968 | D:4      | Found a shadowy altar of Dithmenos.
  3503 | D:5      | Entered Level 5 of the Dungeon
  3507 | D:5      | Reached skill level 9 in Fighting
  3533 | D:5      | Noticed Edmund
  3537 | D:5      | Identified 2 scrolls of acquirement
  3537 | D:5      | Acquired 741 gold pieces
  3561 | D:5      | Killed Edmund
  3647 | D:5      | Reached XP level 8. HP: 71/71 MP: 12/12
  4265 | D:6      | Found a basalt altar of Yredelemnul.
  4401 | D:6      | Acquired the +3 Elemental Staff {rElec rF++ rC++ Will++
                  | AC+5}
  4401 | D:6      | Found the +3 Elemental Staff {rElec rF++ rC++ Will++ AC+5}
  4495 | D:6      | Reached XP level 9. HP: 74/76 MP: 14/14
  5198 | D:7      | Reached skill level 5 in Long Blades
  5198 | D:7      | Reached skill level 5 in Dodging
  5198 | D:7      | Reached skill level 5 in Shields
  5317 | D:7      | Found a staircase to the Ecumenical Temple.
  5348 | Temple   | Entered the Ecumenical Temple
  5363 | Temple   | Became a worshipper of Vehumet
  5445 | D:7      | Reached skill level 5 in Invocations
  5454 | D:7      | Noticed Joseph
  5471 | D:7      | Found a glowing silver altar of Zin.
  5471 | D:7      | Noticed Pikel
  5566 | D:7      | Killed Pikel
  5567 | D:7      | Reached XP level 10. HP: 60/85 MP: 15/17
  5732 | D:7      | Identified the +3 hand axe "Jellyslayer" {freeze, Fly rF+}
  5932 | D:7      | Killed Joseph
  5933 | D:7      | Reached skill level 5 in Short Blades
  5933 | D:7      | Reached skill level 5 in Axes
  5933 | D:7      | Reached skill level 5 in Maces & Flails
  5933 | D:7      | Reached skill level 5 in Polearms
  5933 | D:7      | Reached skill level 5 in Staves
  5933 | D:7      | Reached skill level 5 in Slings
  5933 | D:7      | Reached skill level 5 in Bows
  5933 | D:7      | Reached skill level 5 in Crossbows
  5933 | D:7      | Reached skill level 5 in Throwing
  5933 | D:7      | Reached skill level 5 in Armour
  5933 | D:7      | Reached skill level 5 in Unarmed Combat
  5933 | D:7      | Reached skill level 5 in Spellcasting
  5933 | D:7      | Reached skill level 5 in Evocations
  6261 | D:2      | Bought a ring of see invisible for 210 gold pieces
  6380 | D:8      | Noticed a boulder beetle
  6403 | D:8      | Killed a boulder beetle
  6404 | D:8      | Reached skill level 10 in Fighting
  6555 | D:9      | Reached * piety under Vehumet
  6555 | D:9      | Offered knowledge of Foxfire by Vehumet.
  6612 | D:9      | Identified the +1 leather armour of the Curious Thickets
                  | {+Inv rPois rF++ Dex-2 Stlth+}
  6840 | D:8      | Found a staircase to the Lair.
  7038 | D:8      | Learned a level 1 spell: Foxfire
  7042 | D:8      | Learned a level 3 spell: Frozen Ramparts
  7047 | D:8      | Learned a level 4 spell: Ice Form
  7052 | D:8      | Learned a level 4 spell: Summon Ice Beast
  7071 | D:8      | Noticed Psyche
  7088 | D:8      | Killed Psyche
  7089 | D:8      | Reached XP level 11. HP: 91/91 MP: 19/19
  7482 | D:8      | Reached ** piety under Vehumet
  7488 | D:8      | Offered knowledge of Poisonous Vapours by Vehumet.
  7549 | D:8      | Found an opulent altar of Gozag.
  7552 | D:8      | Found a glowing golden altar of the Shining One.
  7554 | D:8      | Found a broken altar of Ashenzari.
  7605 | Lair:1   | Entered Level 1 of the Lair of Beasts
  7625 | Lair:1   | Reached skill level 5 in Conjurations
  7625 | Lair:1   | Reached skill level 5 in Hexes
  7625 | Lair:1   | Reached skill level 5 in Summonings
  7625 | Lair:1   | Reached skill level 5 in Necromancy
  7625 | Lair:1   | Reached skill level 5 in Translocations
  7625 | Lair:1   | Reached skill level 5 in Transmutations
  7625 | Lair:1   | Reached skill level 5 in Fire Magic
  7625 | Lair:1   | Reached skill level 5 in Ice Magic
  7625 | Lair:1   | Reached skill level 5 in Air Magic
  7625 | Lair:1   | Reached skill level 5 in Earth Magic
  7625 | Lair:1   | Reached skill level 5 in Poison Magic
  7700 | Lair:1   | Noticed Sonja
  7821 | Lair:1   | Killed Sonja
  7840 | Lair:1   | Learned a level 2 spell: Blink
  7843 | Lair:1   | Learned a level 2 spell: Poisonous Vapours
  7849 | Lair:1   | Learned a level 5 spell: Manifold Assault
  7999 | Lair:1   | Noticed Fannar
  8010 | Lair:1   | Killed Fannar
  8687 | Lair:2   | Noticed a catoblepas
  9078 | Lair:2   | Slain by a catoblepas

Illustrated notes

Levels and vault maps discovered:
D:1:      nicolae_arrival_memento_mori, layout_rooms, serial_glass,
          glass_columns_a, glass_columns_a, serial_shops, shop
D:2:      layout_rooms, serial_shops, shop
D:3:      layout_basic, elyvilon_altar_3, gammafunk_temple_overflow_claw,
          portal_sewer_entry_f, dreamdust_ecumenical_altar_grove,
          kennysheep_generic_room_5
D:4:      layout_cave_pods, nicolae_dithmenos_shadow_blocks,
          kennysheep_generic_room_14, uniq_crazy_yiuf_cottage
D:5:      layout_basic, uniq_edmund
D:6:      wad_pebble_path, layout_loops_ring, yredelemnul_altar_generic,
          kennysheep_generic_room_6
D:7:      layout_cave_pools, zin_statuary, minmay_temple_entry_statues_pillars,
          uniq_pikel, uniq_joseph
D:8:      layout_gridville, grunt_temple_overflow_diamond,
          minmay_lair_entry_grove, uniq_psyche
D:9:      layout_irregular_city, nzn_wu_jian_contemplation, led_sif_pool
Temple:   zaba_magenta_temple
Lair:1:   layout_regular_city, uniq_fannar, uniq_sonja
Lair:2:   layout_gridlike, nzn_masters_of_martial_movement

Skill      XL: |  1  2  3  4  5  6  7  8  9 10 11 |
---------------+----------------------------------+-----
Stealth        | 6 7 8 9 |  9.0
Invocations    | 1 2 3 4 5 6 7 |  7.3
Short Blades   | 1 2 3 4 5 6 |  6.6
Axes           | 1 2 3 4 5 6 |  6.6
Maces & Flails | 1 2 3 4 5 6 |  6.6
Polearms       | 1 2 3 4 5 6 |  6.6
Staves         | 1 2 3 4 5 6 |  6.6
Slings         | 1 2 3 4 5 6 |  6.6
Bows           | 1 2 3 4 5 6 |  6.6
Crossbows      | 1 2 3 4 5 6 |  6.6
Throwing       | 1 2 3 4 5 6 |  6.6
Armour         | 1 2 3 4 5 6 |  6.6
Unarmed Combat | 1 2 3 4 5 6 |  6.6
Spellcasting   | 1 2 3 4 5 6 |  6.6
Evocations     | 1 2 3 4 5 6 |  6.6
Long Blades    | 3 4 5 6 7 |  7.2
Dodging        | 3 4 5 6 7 |  7.2
Shields        | 3 4 5 6 7 |  7.2
Conjurations   | 1 2 3 4 5 |  5.5
Hexes          | 1 2 3 4 5 |  5.5
Summonings     | 1 2 3 4 5 |  5.5
Necromancy     | 1 2 3 4 5 |  5.5
Translocations | 1 2 3 4 5 |  5.5
Transmutations | 1 2 3 4 5 |  5.5
Fire Magic     | 1 2 3 4 5 |  5.5
Ice Magic      | 1 2 3 4 5 |  5.5
Air Magic      | 1 2 3 4 5 |  5.5
Earth Magic    | 1 2 3 4 5 |  5.5
Poison Magic   | 1 2 3 4 5 |  5.5
Fighting       | 9 10 | 10.7

Action                   |  1- 3 |  4- 6 |  7- 9 | 10-12 || total
-------------------------+-------+-------+-------+-------++-------
Melee: Falchion          |    90 |   157 |   181 |       ||   428
       Bite              |     6 |    25 |    42 |    31 ||   104
       Kick              |       |     8 |    49 |       ||    57
       Punch             |       |       |     7 |    10 ||    17
       Staff             |       |       |   193 |   339 ||   532
       Unarmed           |       |       |       |    12 ||    12
 Fire: Hunting sling     |       |       |     1 |       ||     1
       Shortbow          |       |       |       |    11 ||    11
Throw: Stone             |     1 |       |     6 |     3 ||    10
       Javelin           |       |       |     2 |    37 ||    39
       Dart              |       |       |       |     2 ||     2
 Cast: Summon Ice Beast  |       |       |       |    16 ||    16
       Ice Form          |       |       |       |     3 ||     3
       Blink             |       |       |       |     2 ||     2
       Foxfire           |       |       |       |     1 ||     1
Evoke: Wand              |       |     3 |     9 |       ||    12
  Use: Scroll            |     5 |     1 |    12 |     4 ||    22
       Potion            |     1 |     5 |     1 |     1 ||     8
 Stab: Sleeping          |    10 |     5 |     7 |     1 ||    23
       Distracted        |     1 |       |       |     2 ||     3
       Invisible         |       |       |     1 |       ||     1
Armor: Skin              |    40 |       |       |     7 ||    47
       Robe              |    10 |     2 |       |       ||    12
       Ring mail         |       |    91 |    30 |       ||   121
       Scale mail        |       |       |   185 |    51 ||   236
       Leather armour    |       |       |       |   136 ||   136
Dodge: Dodged            |    49 |   134 |   239 |   294 ||   716
       Rpst.: Falchion   |    13 |    43 |    28 |       ||    84
